 Dungeon Crawl Stone Soup version 0.30.0-29-ga12c61a403 (webtiles) character file.

Game seed: 1422017237328784759

114 booth the Conjurer (level 4, -1/23 (28) HPs)
             Began as a Gargoyle Reaver on June 21, 2023.
             Killed from afar by Sigmund the rime drake (12 damage)
             ... with an icy flash freeze
             ... on level 3 of the Dungeon.
             The game lasted 00:14:42 (1941 turns).

booth the Conjurer (Gargoyle Reaver)                Turns: 1941, Time: 00:14:43

HP:   -1/23 (28)    AC:  7    Str: 17    XL:     4   Next: 98%
MP:   7/8           EV: 11    Int: 14    God:
Gold: 156           SH:  0    Dex:  8    Spells: 2/8 levels left

rFire   . . .        n - +1 whip (vamp)
rCold   . . .        (no shield)
rNeg    + . .        b - +1 leather armour
rPois   ∞            (no helmet)
rElec   +            (no cloak)
rCorr   .            (no gloves)
SInv    .            (no boots)
Will    .....        o - amulet of regeneration
Stlth   +            (no ring)
HPRegen 1.03/turn    (no ring)
MPRegen 0.11/turn

%: no passive effects
@: heavily drained
A: sickness immunity, AC +3, negative energy resistance 1, electricity
resistance, torment resistance 1, petrification resistance
a: no special abilities


You were on level 3 of the Dungeon.
You visited 1 branch of the dungeon, and saw 3 of its levels.

You collected 156 gold pieces.

Inventory:

Hand Weapons
 a - a +0 mace
 e - the +1 dagger of Spring {flame, Str-5 Int+3 SInv}
   (You found it on level 2 of the Dungeon)

   Str:       It affects your strength (-5).
   Int:       It affects your intelligence (+3).
   SInv:      It lets you see invisible.
 n - a +1 vampiric whip (weapon)
Missiles
 d - 15 poisoned darts
 k - 2 boomerangs (quivered)
Armour
 b - a +1 leather armour (worn)
Jewellery
 o - an amulet of regeneration (around neck)
Wands
 i - a wand of roots (6)
 j - a wand of polymorph (8)
Scrolls
 f - a scroll of amnesia
 p - a scroll of enchant armour
 q - a scroll of poison
Potions
 c - a potion of flight
 g - a potion of brilliance
 h - a potion of curing
 m - 2 potions of degeneration {unknown}


   Skills:
 + Level 3.1 Fighting
 + Level 3.5 Maces & Flails
 + Level 2.2 Dodging
 + Level 2.6 Spellcasting
 + Level 4.0 Conjurations


You had 2 spell levels left.
You knew the following spells:

 Your Spells              Type           Power      Damage    Failure   Level
a - Kiss of Death         Conj/Necr      28%        2d7       12%         1
b - Momentum Strike       Conj/Tloc      14%        3d8       19%         2
c - Hailstorm             Conj/Ice       7%         3d4       34%         3

Your spell library contained the following spells:

 Spells                   Type           Power      Damage    Failure   Level
 Slow                     Hex            4%         N/A       26%         1
 Confusing Touch          Hex            1%         N/A       63%         3
 Vampiric Draining        Necr           1%         2d6       63%         3


Dungeon Overview and Level Annotations

Branches:
Dungeon (3/15)

Altars:
Xom

Annotations:
D:3 Sigmund


Innate Abilities, Weirdness & Mutations

You are immune to sickness and miasma.
Your stone body is resilient. (AC +3)
You are immune to poison.
You resist negative energy. (rN+)
You are resistant to electric shocks. (rElec)
You are resistant to unholy torment.
You are immune to petrification.


Message History

Ouch! That really hurt!
You are encased in ice.
You miss Sigmund.
Sigmund is lightly wounded.
Sigmund bites you but does no damage.
You hit Sigmund.
You feel better.
Sigmund is moderately wounded.
Sigmund bites you but does no damage.
You barely miss Sigmund.
Sigmund is moderately wounded.
The ice encasing you melts away. Sigmund bites you but does no damage.
You closely miss Sigmund.
Sigmund is moderately wounded.
Sigmund bites you. x2
Cast which spell? (? or * to list)
Aiming: Kiss of Death (safe; 12% risk of failure)
Press: ? - help, Shift-Dir - straight line, f/p - Sigmund
Aim: Sigmund the rime drake (moderately wounded, 100% to hit)
The negative energy hits Sigmund.
Sigmund is drained!
Sigmund is heavily wounded.
You feel drained. Sigmund closely misses you.
You barely miss Sigmund.
Sigmund is heavily wounded.
Sigmund bites you but does no damage.
You barely miss Sigmund.
Sigmund is heavily wounded.
Sigmund bites you but does no damage.
You closely miss Sigmund.
Sigmund is heavily wounded.
Sigmund barely misses you.
You closely miss Sigmund.
Sigmund is heavily wounded.
Sigmund bites you.
You hit Sigmund.
You feel better.
Sigmund is severely wounded.
Sigmund breathes ice at you. The icy flash freeze hits you!
Ouch! That really hurt!
You die...

#.........#
#.........#
.........
.!.)...
..... ...
#o# #k# #@#
..#####.##
.........#
..#####..#
..#####..#
###
###.......#
..#
.##.###..#
..# .#.#
#.## ..#
..# #.#


You could see Sigmund the rime drake (catching breath, drained) and an orc.

Vanquished Creatures
  3 gnolls (D:2)
  2 adders (D:2)
  A worm (D:2)
  6 dart slugs
  4 ball pythons
  A bat (D:2)
  3 endoplasms
  4 giant cockroaches
  8 goblins
  3 hobgoblins
  3 quokkas
  2 frilled lizards
  4 kobolds (D:2)
  8 rats
52 creatures vanquished.

Notes
Turn   | Place    | Note
-------+----------+-------------------------------------------
     0 | D:1      | booth the Gargoyle Reaver began the quest for the Orb.
     0 | D:1      | Reached XP level 1. HP: 12/12 MP: 3/3
   144 | D:1      | Reached XP level 2. HP: 18/18 MP: 5/5
   147 | D:1      | Learned a level 2 spell: Momentum Strike
   273 | D:1      | Found a faded altar of an unknown god.
   348 | D:1      | Reached XP level 3. HP: 16/22 MP: 6/6
   352 | D:1      | Learned a level 3 spell: Hailstorm
   767 | D:2      | Identified the +1 dagger of Spring {flame, Str-5 Int+3
                  | SInv}
  1026 | D:2      | Reached XP level 4. HP: 15/25 MP: 5/7
  1620 | D:2      | Found a shimmering altar of Xom.
  1861 | D:3      | Reached skill level 4 in Conjurations
  1923 | D:3      | Noticed Sigmund
  1925 | D:3      | Sigmund changed into Sigmund the rime drake
  1925 | D:3      | Noticed Sigmund
  1941 | D:3      | Killed from afar by Sigmund the rime drake

Illustrated notes

Levels and vault maps discovered:
D:1:      erik_arrival_orb_chamber, layout_rooms,
          hellmonk_ecumenical_altar_lost_god
D:2:      layout_basic, basic_altar, minmay_tiny_reverse_x
D:3:      layout_basic, lemuel_blue_sif_altar, serial_shops, shop, uniq_sigmund,
          uniq_ijyb

Skill      XL: |  1  2  3  4 |
---------------+-------------+-----
Dodging        | 2 |  2.2
Fighting       | 3 |  3.1
Conjurations   | 4 |  4.0
Maces & Flails | |  3.5
Spellcasting   | |  2.6

Action                     |  1- 3 |  4- 6 || total
---------------------------+-------+-------++-------
  Melee: Mace              |    75 |    13 ||    88
         Whip              |       |    99 ||    99
         Punch             |       |     4 ||     4
  Throw: Boomerang         |     9 |       ||     9
   Cast: Kiss of Death     |     1 |     1 ||     2
  Evoke: Wand              |       |     1 ||     1
    Use: Scroll            |     2 |     5 ||     7
         Potion            |       |     1 ||     1
 Armour: Leather armour    |    32 |    31 ||    63
  Dodge: Dodged            |    50 |    53 ||   103
